 Dungeon Crawl Stone Soup version 0.32-a0-35-gd9ff480968 (webtiles) character file.

Game seed: 11536650305009196245

1701421 whatisthis the Slayer (level 25, 283/283 HPs)
             Began as a Troll Fighter on Jan 21, 2024.
             Was a High Priest of Okawaru.
             Escaped with the Orb
             ... and 3 runes on Jan 22, 2024!
             The game lasted 04:47:20 (64044 turns).

whatisthis the Slayer (Troll Fighter)              Turns: 64044, Time: 04:47:21

Health: 283/283    AC: 43    Str: 41    XL:     25   Next: 41%
Magic:  31/31      EV:  6    Int:  5    God:    Okawaru [*****.]
Gold:   5196       SH: 19    Dex:  6    Spells: 24/24 levels left

rFire   + .          .
                       - Unarmed
rCold   + . .        b - +3 kite shield {AC+3}
rNeg    . . .        i - +8 gold dragon scales
rPois   +            O - +2 hat
rElec   .            K - +2 cloak
rCorr   .            (gloves unavailable)
SInv    +            (boots unavailable)
Will    +++..        J - amulet of reflection Stlth
                     T - ring "Nailodu" {Will++ SInv}
HPRegen 1.47/turn    R - +4 ring of protection
MPRegen 0.22/turn

%: reflection
@: hasted, very quick
A: large, unfitting armour, claws 3, regeneration 1, shaggy fur 1, tough skin 1,
clumsy 1, strong 1
0: Orb of Zot
}: 3/15 runes: decaying, silver, gossamer
a: Renounce Religion, Heroism, Finesse, Duel


You escaped.
You worshipped Okawaru.
Okawaru was extremely pleased with you.
You visited 9 branches of the dungeon, and saw 45 of its levels.
You also visited: Ossuary.

You collected 6477 gold pieces.
You spent 1281 gold pieces at shops.

Inventory:

Missiles
 h - 14 boomerangs
 k - 9 datura-tipped darts
 s - 85 large rocks
 w - 10 silver javelins (quivered)
 D - 4 throwing nets
 F - 33 poisoned darts
 I - 21 javelins
 L - 9 curare-tipped darts
Armour
 a - the +0 acid dragon scales "Nuoqoedwumn" {rF++ rCorr Str+4}
   (Okawaru gifted it to you on level 1 of the Lair of Beasts)

   Str+4:     It affects your strength (+4).
   rF++:      It greatly protects you from fire.
   rCorr:     It protects you from acid and corrosion.
 b - a +3 kite shield of protection (worn)
 i - +8 gold dragon scales (worn)
 K - a +2 cloak (worn)
 O - a +2 hat (worn)
Jewellery
 e - a ring of flight
 u - a ring of ice
 x - a +6 ring of strength
 G - a +6 ring of strength
 H - a ring of magical power
 J - an amulet of reflection (around neck)
 R - a +4 ring of protection (right claw)
 T - the ring "Nailodu" (left claw) {Will++ SInv}
   (You found it on level 15 of the Dungeon)

   [ring of see invisible]

   Will++:    It greatly increases your willpower.
   SInv:      It lets you see invisible.
 X - the amulet "Vumagilu" {RegenMP rF+ rC+}
   (You took it off a vault warden on level 5 of the Vaults)

   [amulet of magic regeneration]

   RegenMP:   It increases your rate of magic regeneration.
   rF+:       It protects you from fire.
   rC+:       It protects you from cold.
Wands
 f - a wand of paralysis (40)
 g - a wand of mindburst (15)
 l - a wand of polymorph (4)
 n - a wand of roots (35)
 z - a wand of light (52)
 E - a wand of digging (4)
 Q - a wand of flame (43)
Scrolls
 d - a scroll of revelation
 j - 11 scrolls of poison
 m - 10 scrolls of teleportation
 p - 3 scrolls of torment
 q - a scroll of blinking
 v - 3 scrolls of silence
 B - 5 scrolls of fog
 M - 11 scrolls of fear
 N - 9 scrolls of vulnerability
Potions
 c - 10 potions of might
 o - 23 potions of curing
 r - 8 potions of enlightenment
 t - 8 potions of lignification
 y - 4 potions of haste
 A - a potion of resistance
 C - 10 potions of heal wounds
 P - a potion of invisibility
 S - 2 potions of brilliance
 U - a potion of cancellation
 V - 2 potions of berserk rage
 Y - a potion of ambrosia
 Z - 4 potions of mutation
Miscellaneous
 W - a lightning rod (4/4)


   Skills:
 + Level 22.3 Fighting
 + Level 20.0 Throwing
 - Level 15.8 Armour
 - Level 3.6 Dodging
 - Level 14.0 Shields
 - Level 21.5 Unarmed Combat
 + Level 13.0 Invocations


You had 24 spell levels left.
You didn't know any spells.
Your spell library contained the following spells:

 Spells                   Type           Power      Damage    Failure   Level
 Apportation              Tloc           0%         N/A       99%         1
 Freeze                   Ice            0%         1d3       99%         1
 Kiss of Death            Conj/Necr      0%         2d5       99%         1
 Magic Dart               Conj           0%         1d3       99%         1
 Necrotise                Necr           0%         1d4       99%         1
 Sting                    Conj/Alch      0%         1d3       99%         1
 Cigotuvi's Dreadful Rot  Necr/Alch/Air  0%         N/A       100%        2
 Ensorcelled Hibernation  Hex/Ice        0%         N/A       100%        2
 Searing Ray              Conj           0%         2d4       100%        2
 Static Discharge         Conj/Air       0%         3-3/arc   100%        2
 Confusing Touch          Hex            0%         N/A       100%        3
 Dazzling Flash           Conj/Hex       0%         N/A       100%        3
 Frozen Ramparts          Ice            0%         1d1       100%        3
 Fugue of the Fallen      Necr           0%         N/A       100%        3
 Gell's Gravitas          Tloc           0%         N/A       100%        3
 Hailstorm                Conj/Ice       0%         3d5       100%        3
 Inner Flame              Hex/Fire       0%         N/A       100%        3
 Mephitic Cloud           Conj/Alch/Air  0%         N/A       100%        3
 Ozocubu's Armour         Ice            0%         N/A       100%        3
 Passwall                 Erth           0%         N/A       100%        3
 Sigil of Binding         Hex            0%         N/A       100%        3
 Swiftness                Air            0%         N/A       100%        3
 Teleport Other           Tloc           0%         N/A       100%        3
 Vampiric Draining        Necr           0%         2d6       100%        3
 Airstrike                Air            0%         2d(0-16)  100%        4
 Dimensional Bullseye     Hex/Tloc       0%         N/A       100%        4
 Dispel Undead            Necr           0%         3d6       100%        4
 Fulminant Prism          Conj/Alch      0%         3d5       100%        4
 Leda's Liquefaction      Alch/Erth      0%         N/A       100%        4
 Manifold Assault         Tloc           0%         N/A       100%        4
 Vhi's Electric Charge    Tloc/Air       0%         N/A       100%        4
 Arcjolt                  Conj/Air       0%         1d10      100%        5
 Borgnjor's Vile Clutch   Necr/Erth      0%         N/A       100%        5
 Curse of Agony           Necr           0%         N/A       100%        5
 Fireball                 Conj/Fire      0%         3d3       100%        5
 Freezing Cloud           Conj/Ice/Air   0%         6-21      100%        5
 Lee's Rapid Deconstruct  Erth           0%         3d4*      100%        5
 Metabolic Englaciation   Hex/Ice        0%         N/A       100%        5
 Silence                  Hex/Air        0%         N/A       100%        5
 Bombard                  Conj/Erth      0%         9d1       100%        6
 Dispersal                Tloc           0%         N/A       100%        6
 Disjunction              Tloc           0%         N/A       100%        8
 Maxwell's Capacitive Co  Air            0%         ∞         100%        8
 Chain Lightning          Conj/Air       0%         N/A       100%        9
 Fire Storm               Conj/Fire      0%         5d1       100%        9
 Shatter                  Erth           0%         3d5*      100%        9
 Summon Small Mammal      Summ           Unusable   N/A       N/A         1
 Call Canine Familiar     Summ           Unusable   N/A       N/A         3
 Animate Dead             Necr           Unusable   N/A       N/A         4
 Martyr's Knell           Necr/Summ      Unusable   N/A       N/A         4
 Summon Lightning Spire   Summ/Air       Unusable   N/A       N/A         4
 Death Channel            Necr           Unusable   N/A       N/A         6

Dungeon Overview and Level Annotations

Branches:
Dungeon (15/15)            Temple (1/1) D:7            Lair (5/5) D:11
  Swamp (4/4) Lair:2       Spider (4/4) Lair:2        Slime (0/5) Lair:5
    Orc (2/2) D:12            Elf (0/3) Orc:2        Vaults (5/5) D:14
  Crypt (0/3) Vaults:2     Depths (4/4) D:15            Zot (5/5) Depths:4
Ossuary (visited)

Altars:
Ashenzari
Cheibriados
Dithmenos
Elyvilon
Fedhas
Gozag
Hepliaklqana
Kikubaaqudgha
Makhleb
Nemelex Xobeh
Okawaru
Qazlal
Ru
Sif Muna
Trog
Uskayaw
Vehumet
Wu Jian
Xom
Yredelemnul
Zin
The Shining One
Lugonu

Shops:
D:1 =   D:9 :   Orc:2 (:([(   Vaults:1 (   Vaults:3 [*(   Vaults:4 [
Depths:4 =:=

Portals:
Hell: Depths:1 Depths:2 Depths:3 Depths:4
Abyss: Depths:3
Pandemonium: Depths:1 Depths:2
Ziggurat: Depths:3
Trove: Vaults:4 (show abyssal rune of Zot)

Annotations:
D:8 exclusion: downstairs
D:10 3 runed translucent doors, exclusion: orange crystal statue
D:12 3 runed translucent doors, Uklopt's ghost, journeyman DsGl
Depths:2 1 runed translucent door, exclusion: door
Zot:2 4 transporters
Zot:4 1 runed translucent door, Emoisch's ghost, adept MiFi


Innate Abilities, Weirdness & Mutations

You are too large for most types of armour.
You have claws for hands.
Your natural rate of healing is unusually fast.
You are covered in fur. (AC +1)
You have tough skin. (AC +1)
You are clumsy. (Dex -2)
Your muscles are strong. (Str +4, Int/Dex -1)


Message History

You eviscerate the Hell Sentinel!!!
You kill the Hell Sentinel!
Okawaru accepts your kill.
Your life force feels restored.
Your Invocations skill increases to level 13!
Your surroundings suddenly seem different.
There is a stone staircase leading up here.
You climb upwards.
Level annotation: exclusion: downstairs
There is a stone staircase leading down here.
There is a stone staircase leading up, spattered with blood here.
You climb upwards.
There is a stone staircase leading down here.
There is a stone staircase leading up here.
You climb upwards.
There is a stone staircase leading down here.
There is a stone staircase leading up, spattered with blood here.
You climb upwards.
There is a stone staircase leading down here.
HP restored.
There is an escape hatch in the ceiling here.
A mysterious force pulls you upwards. The hatch slams shut behind you.
There is a stone staircase leading up here.
You see here a +0 club.
You climb upwards.
There is a stone staircase leading down here.
There is a stone staircase leading up here.
You climb upwards.
A shadow demon comes into view.
There is a stone staircase leading down here.
Unknown command.
You feel yourself speed up.
There is an open door here.
There is a shaft here.
There is an open door here.
There is a stone staircase leading up here.
You climb upwards.
There is a stone staircase leading down here.
There is a staircase leading out of the dungeon here.
You have escaped!

# ######.....................# #
#....^................# ##
#........###..........# .#
#.......#...##......>.# .##
#......#......#.......# ..#
#......#.......#......# ..###
#.....#........#......#
#...#####.....#.........#.....#
#.#...........#.@.#.....#.#######
#.###.........#..#......#........
#.....#.#......#.#......#........
†..............#........#........
####..#.........#.......#........
#....#...............#........
###...##..............#)........
##)..#......(..........#.........
....##................#.....)....


There were no monsters in sight!

Vanquished Creatures
  2 dread liches
  Mara (Vaults:5)
  5 ancient liches
  8 orbs of fire
  Josephina (Depths:4)
  Boris (twice) (Arena Depths:4)
  Sojobo (Depths:4)
  3 Killer Klowns
  the Lernaean hydra (Swamp:4)
  3 curse toes
  Margery (Depths:4)
  Nikola (Spider:3)
  9 golden dragons
  Norris (Vaults:1)
  A profane servitor (Depths:1)
  2 bone dragons
  5 electric golems
  A hellephant (Depths:4)
  A Hell Sentinel (D:9)
  14 tentacled monstrosities
  25 Orb Guardians (Zot:5)
  5 liches
  6 titans
  8 quicksilver dragons
  7 sphinxes
  4 death cobs
  An ancient champion (Vaults:2)
  7 tengu reavers
  13 shadow dragons
  14 storm dragons
  2 protean progenitors
  5 draconian monks
  An iron dragon (Depths:3)
  10 fire giants
  6 draconian shifters
  13 vault wardens
  9 draconian knights
  4 deep elf sorcerers
  14 frost giants
  9 emperor scorpions
  9 ghost moths
  Louise (Swamp:3)
  6 draconian scorchers
  4 spriggan defenders
  9 ironbound preservers
  5 draconian annihilators
  28 very ugly things
  2 orc warlords
  A formless jellyfish (Vaults:1)
  4 draconian stormcallers
  A reaper (Depths:1)
  16 stone giants
  A caustic shrike skeleton (Depths:3)
  8 ironbound thunderhulks
  2 vampire knights (Depths:2)
  9 black draconians
  9 white draconians
  10 green draconians
  Nessos (Orc:2)
  19 dire elephants
  4 war gargoyles
  2 deep elf annihilators (Vaults:5)
  2 deep elf death magi
  8 red draconians
  5 eleionomae
  5 yellow draconians
  11 purple draconians
  Azrael (D:15)
  11 spark wasps
  4 bunyips
  15 ettins
  A blizzard demon (Depths:2)
  9 fire dragons
  A merfolk impaler (Depths:2)
  A crystal guardian (Vaults:2)
  Snorg (Lair:4)
  5 shambling mangroves
  22 yaktaur captains
  7 great orbs of eyes
  Fannar (Lair:1)
  A spriggan zombie (Depths:3)
  2 rakshasas
  4 entropy weavers
  38 vault guards
  Erolcha (D:9)
  6 ice dragons
  A ghost crab (Swamp:4)
  4 ogre magi
  A hell beast (Zot:1)
  4 peacekeepers
  3 radroaches
  9 ironbound frosthearts
  A jorogumo (Spider:4)
  23 hydras
  A salamander tyrant (Depths:3)
  7 spriggan air magi
  8 centaur warriors
  3 catoblepae
  6 alligators
  A death knight (D:15)
  A sphinx skeleton (Vaults:2)
  10 boulder beetles
  4 tengu warriors
  8 demonic crawlers
  A hell hog (Lair:5)
  11 death yaks
  4 spriggan berserkers
  9 deep troll earth magi
  3 two-headed ogres
  2 occultists
  A deep troll shaman (Depths:2)
  A vampire mage (Swamp:1)
  5 orc high priests (Orc:2)
  2 soul eaters
  Urug (Orc:2)
  5 spriggans
  A shock serpent (shapeshifter) (Vaults:5)
  8 hell knights
  A sun demon (D:9)
  A skyshark (shapeshifter) (Depths:3)
  3 shadow wraiths (Depths:2)
  11 skeletal warriors
  Lodul (D:14)
  3 salamander mystics (Depths:3)
  3 sixfirhies
  4 goliath frogs
  5 skysharks
  6 iron trolls
  A glowing orange brain (shapeshifter) (Vaults:4)
  A spark wasp zombie (Depths:3)
  11 orb spiders
  19 deep trolls
  8 flayed ghosts
  2 sun moths (Spider:3)
  13 pharaoh ants
  4 spriggan druids
  11 bog bodies
  12 arcanists
  12 swamp dragons
  A harpy (shapeshifter) (D:13)
  15 phantasmal warriors
  A quicksilver dragon simulacrum (Zot:1)
  12 orc knights
  A sea snake (shapeshifter) (Vaults:3)
  A deep elf archer (D:14)
  4 glowing orange brains
  6 harpies (Vaults:1)
  16 ironbound convokers
  13 steelbarb worms
  4 necromancers
  A deep elf zephyrmancer (D:15)
  4 deep elf pyromancers
  3 lindwurms (Vaults:1)
  3 cyclopes (D:15)
  A shining eye (shapeshifter) (Depths:3)
  12 wolf spiders
  The ghost of Azoth the Ruffian, a novice NaSh of Yredelemnul (D:6)
  4 orc sorcerers (Orc:2)
  2 will-o-the-wisps
  An iron dragon zombie (Depths:3)
  37 ugly things
  A tengu skeleton (Vaults:2)
  2 manticores
  10 salamanders (Depths:3)
  A fire giant skeleton (Vaults:2)
  A meliai (shapeshifter) (D:15)
  3 moths of wrath (shapeshifter)
  17 elephants
  3 human skeletons (Vaults:2)
  2 frost giant skeletons (Vaults:2)
  A titan simulacrum (Depths:3)
  15 vault sentinels
  Joseph (D:10)
  3 guardian serpents
  A rust devil (Zot:1)
  29 moths of wrath
  4 kobold blastminers
  8 black mambas
  3 centaur zombies (D:15)
  5 torpor snails
  2 gargoyles (D:14)
  A hellion (Depths:1)
  5 rime drakes
  14 cane toads
  A yaktaur (shapeshifter) (Vaults:5)
  5 komodo dragons
  5 freezing wraiths
  2 tengu conjurers
  A ghost moth simulacrum (Zot:1)
  20 yaktaurs
  A kobold demonologist (D:10)
  10 polar bears
  2 yaktaur skeletons (Vaults:2)
  A harpy zombie (D:15)
  A merfolk (shapeshifter) (Vaults:5)
  A bloated husk (Swamp:3)
  7 trolls
  2 wolf spider simulacra (D:15)
  A queen bee (shapeshifter) (D:14)
  26 tarantellas
  A queen bee (Lair:3)
  12 dream sheep
  A raiju (shapeshifter) (D:14)
  15 hornets
  15 tyrant leeches
  3 raiju (Lair:5)
  4 glass eyes
  14 blink frogs
  27 slime creatures
  17 culicivoras
  24 jumping spiders
  A jumping spider (shapeshifter) (D:15)
  A shadow (D:12)
  2 vampires
  11 water elementals (Depths:2)
  23 wyverns
  A ynoxinul (Depths:1)
  5 basilisks
  30 yaks
  A human (D:14)
  A human (shapeshifter) (D:15)
  A golden eye (shapeshifter) (D:15)
  3 fire elementals
  6 wargs (Lair:5)
  A redback (shapeshifter) (Vaults:5)
  A steam dragon (D:9)
  48 redbacks
  A warg (shapeshifter) (D:15)
  Menkaure (D:4)
  A chaos spawn (D:13)
  21 vampire mosquitoes
  22 swamp worms
  A swamp worm (shapeshifter) (Vaults:3)
  13 hell hounds
  20 water moccasins
  2 moth of wrath simulacra (Zot:1)
  A water moccasin (shapeshifter) (Depths:3)
  An ice beast (D:4)
  A sky beast (D:5)
  9 swamp drakes
  13 black bears
  18 orc warriors
  2 laughing skulls (D:13)
  12 ogres
  23 wolves
  9 boggarts
  11 centaurs
  A phantom (D:3)
  3 kobold brigands
  16 bullfrogs
  A gnoll sergeant (D:5)
  3 scorpions
  7 wights
  30 killer bees
  2 electric eels (Lair:2)
  3 bombardier beetles
  4 hounds
  15 orc priests
  3 jellies
  A sleepcap (D:4)
  25 orc wizards
  Natasha (twice) (D:3)
  6 iguanas
  2 boggart simulacra (D:15)
  8 mummies (Ossuary)
  Robin (D:5)
  5 adders
  7 gnolls
  A river rat (Lair:3)
  A shadow imp (D:5)
  A white imp (D:7)
  8 ufetubi
  An adder zombie (D:3)
  An adder skeleton (D:3)
  2 dart slugs
  2 ribbon worms (D:3)
  47 orcs
  10 endoplasms
  5 giant cockroaches
  3 gnoll zombies (Ossuary)
  17 goblins
  13 hobgoblins
  3 jackals (D:3)
  2 quokkas
  8 ball pythons
  2 ball python zombies (D:3)
  5 bats
  4 frilled lizards
  2 giant cockroach zombies (D:3)
  A goblin zombie (D:6)
  A hobgoblin zombie (Ossuary)
  11 kobolds
  2 kobold zombies (Ossuary)
  2 orc zombies (Ossuary)
  2 quokka skeletons (D:3)
  2 quokka zombies
  4 rats
  An aspiring flesh (Zot:2)
1941 creatures vanquished.

Vanquished Creatures (others)
  A rakshasa (Depths:2)
  A centaur warrior (D:15)
  A deep troll earth mage (D:15)
  A sun moth (Spider:2)
  A necromancer (D:15)
  A redback (Spider:3)
  A gnoll (D:6)
  7 foxfires
14 creatures vanquished.

Grand Total: 1955 creatures vanquished

Notes
Turn   | Place    | Note
-------+----------+-------------------------------------------
     0 | D:1      | whatisthis the Troll Fighter began the quest for the Orb.
     0 | D:1      | Reached XP level 1. HP: 22/22 MP: 0/0
     7 | D:1      | Found Zyxetur's Jewellery Emporium.
   144 | D:1      | Reached XP level 2. HP: 28/29 MP: 1/1
   155 | D:1      | Found a faded altar of an unknown god.
   505 | D:2      | Reached XP level 3. HP: 29/36 MP: 2/2
   974 | D:2      | Reached skill level 3 in Fighting
  1351 | D:3      | Reached XP level 4. HP: 45/45 MP: 3/3
  1366 | D:3      | Found a sparkling altar of Nemelex Xobeh.
  1410 | D:3      | Found a bloodstained altar of Trog.
  1791 | D:3      | Reached XP level 5. HP: 51/53 MP: 4/4
  1900 | D:3      | Found a burning altar of Makhleb.
  1946 | D:3      | Found a stormy altar of Qazlal.
  2145 | D:4      | Noticed Menkaure
  2207 | D:4      | Noticed an ice beast
  2251 | D:4      | Noticed a phantom
  2278 | D:3      | Killed a phantom
  2279 | D:3      | Reached XP level 6. HP: 62/62 MP: 5/5
  2340 | D:4      | Reached skill level 4 in Fighting
  2384 | D:4      | Noticed Natasha
  2408 | D:3      | Killed Natasha
  2444 | D:4      | Killed an ice beast
  2445 | D:4      | Reached XP level 7. HP: 71/71 MP: 6/6
  2454 | D:4      | Noticed Robin
  2485 | D:3      | Noticed Natasha
  2619 | D:3      | Killed Natasha
  2627 | D:4      | Found a hide-covered altar of Uskayaw.
  2682 | D:4      | Killed Menkaure
  2683 | D:4      | Reached skill level 5 in Shields
  2683 | D:4      | Reached skill level 5 in Unarmed Combat
  3045 | D:5      | Entered Level 5 of the Dungeon
  3180 | D:5      | Killed Robin
  3376 | D:5      | Found an ancient bone altar of Kikubaaqudgha.
  3397 | D:5      | Reached skill level 5 in Fighting
  3448 | D:5      | Found a snail-covered altar of Cheibriados.
  3705 | D:6      | Found a glowing golden altar of the Shining One.
  3731 | D:5      | Reached XP level 8. HP: 53/80 MP: 7/7
  3870 | D:6      | Found a sand-covered staircase.
  3886 | Ossuary  | Entered an ossuary
  4412 | D:6      | Found a glowing silver altar of Zin.
  4517 | D:6      | You are sucked into a shaft and drop 3 floors!
  4517 | D:9      | Found Gorocode's Self-Improvement Boutique.
  4641 | D:7      | Reached skill level 6 in Fighting
  4703 | D:7      | Found a radiant altar of Vehumet.
  4779 | D:7      | Found a staircase to the Ecumenical Temple.
  4835 | Temple   | Entered the Ecumenical Temple
  4843 | Temple   | Became a worshipper of Warmaster Okawaru
  4926 | D:7      | Reached XP level 9. HP: 54/89 MP: 8/8
  5609 | D:7      | Found an ornate altar of the Wu Jian Council.
  6292 | D:6      | Found a broken altar of Ashenzari.
  6306 | D:6      | Found a runed translucent door.
  6306 | D:6      | Noticed Azoth's ghost (novice NaSh)
  6943 | D:7      | Reached * piety under Okawaru
  7177 | D:8      | Found a sacrificial altar of Ru.
  7237 | D:8      | Reached skill level 7 in Fighting
  7637 | D:9      | Noticed Erolcha
  8254 | D:9      | Reached ** piety under Okawaru
  8272 | D:9      | Killed Erolcha
  8273 | D:9      | Reached XP level 10. HP: 83/104 MP: 9/9
  8484 | D:10     | Entered Level 10 of the Dungeon
  8531 | D:10     | Reached *** piety under Okawaru
  8764 | D:10     | Found a blossoming altar of Fedhas.
  8797 | D:10     | Noticed Joseph
  8812 | D:10     | Killed Joseph
  8813 | D:10     | Reached skill level 8 in Fighting
  9134 | D:10     | Found a runed translucent door.
  9150 | D:10     | Found a runed translucent door.
  9164 | D:10     | Found a runed translucent door.
  9176 | D:10     | Found a runed translucent door.
  9443 | D:11     | Noticed a boulder beetle
  9467 | D:11     | Killed a boulder beetle
  9467 | D:11     | Reached **** piety under Okawaru
  9565 | D:11     | Noticed a two-headed ogre
  9777 | D:11     | Killed a two-headed ogre
  9778 | D:11     | Reached skill level 10 in Unarmed Combat
  9839 | D:11     | Reached XP level 11. HP: 103/113 MP: 10/10
  9884 | D:11     | Found a staircase to the Lair.
 10031 | D:11     | Reached skill level 9 in Fighting
 10180 | Lair:1   | Entered Level 1 of the Lair of Beasts
 10209 | D:11     | Reached ***** piety under Okawaru
 10244 | D:12     | Noticed a deep elf pyromancer
 10296 | D:11     | HP: 4/115 [fire elemental[a deep elf pyromancer] (8)]
 10298 | D:11     | Killed a deep elf pyromancer
 10554 | D:12     | Found a staircase to the Orcish Mines.
 10636 | Lair:1   | Reached skill level 10 in Shields
 10872 | Lair:1   | Reached skill level 1 in Invocations
 10920 | Lair:1   | Noticed Fannar
 10927 | Lair:1   | Killed Fannar
 11003 | Lair:1   | Received a gift from Okawaru
 11142 | Lair:1   | Reached skill level 10 in Fighting
 11464 | Lair:1   | Reached skill level 1 in Throwing
 11464 | Lair:1   | Reached XP level 12. HP: 126/126 MP: 13/13
 11814 | Lair:1   | Reached ****** piety under Okawaru
 11821 | Lair:1   | Acquired the +0 acid dragon scales "Nuoqoedwumn" {rF++
                  | rCorr Str+4}
 11821 | Lair:1   | Received a gift from Okawaru
 11848 | Lair:1   | Received a gift from Okawaru
 11942 | Lair:2   | Noticed a seven-headed hydra
 11947 | Lair:2   | Killed a seven-headed hydra
 12040 | Lair:2   | Found a hole to the Spider Nest.
 12854 | Lair:3   | Received a gift from Okawaru
 12855 | Lair:3   | Reached skill level 5 in Invocations
 12983 | Lair:3   | Noticed a five-headed hydra
 13284 | Lair:3   | Identified the +2 leather armour "Ogeos" {Str+2}
 13345 | Lair:3   | Reached skill level 11 in Fighting
 13345 | Lair:3   | Reached XP level 13. HP: 137/137 MP: 16/16
 13361 | Lair:3   | Reached skill level 5 in Throwing
 13608 | Lair:3   | Received a gift from Okawaru
 13633 | Lair:3   | Identified the +6 rapier of Buqon {flame, rElec rPois rF-
                  | rCorr}
 13635 | Lair:3   | You fall into a shaft and drop 2 floors!
 13635 | Lair:5   | Entered Level 5 of the Lair of Beasts
 14033 | Lair:5   | Received a gift from Okawaru
 14699 | Lair:4   | Noticed Snorg
 14705 | Lair:4   | Killed Snorg
 14705 | Lair:4   | Received a gift from Okawaru
 15095 | Lair:4   | Reached skill level 12 in Fighting
 15098 | Lair:4   | Reached XP level 14. HP: 97/149 MP: 18/18
 15761 | Lair:5   | Received a gift from Okawaru
 16541 | Lair:5   | Found a staircase to the Slime Pits.
 16552 | Lair:5   | Received a gift from Okawaru
 17381 | D:9      | Bought a manual of Throwing for 880 gold pieces
 17528 | D:12     | Received a gift from Okawaru
 17885 | D:12     | Reached skill level 13 in Fighting
 17885 | D:12     | Reached skill level 15 in Unarmed Combat
 18028 | D:12     | Found a runed translucent gate.
 18029 | D:12     | Found a runed translucent gate.
 18030 | D:12     | Found a runed translucent gate.
 18032 | D:12     | Noticed Uklopt's ghost (journeyman DsGl)
 18684 | D:13     | Reached skill level 10 in Throwing
 19343 | D:14     | Reached XP level 15. HP: 161/161 MP: 19/19
 19351 | D:14     | Noticed Lodul
 19377 | D:14     | Killed Lodul
 19553 | D:14     | Received a gift from Okawaru
 20480 | D:14     | Received a gift from Okawaru
 20582 | D:14     | Found a gate to the Vaults.
 20949 | D:15     | Entered Level 15 of the Dungeon
 21052 | D:15     | Found a basalt altar of Yredelemnul.
 21094 | D:15     | Found a transporter.
 21360 | D:15     | Received a gift from Okawaru
 21368 | D:15     | Identified the ring "Neroewof" {rF+ Str+6}
 21413 | D:15     | Noticed Azrael
 21414 | D:15     | Reached skill level 14 in Fighting
 21420 | D:15     | Killed Azrael
 21737 | D:15     | Found a sacrificial altar of Ru.
 21777 | D:15     | Found a staircase to the Depths.
 21802 | D:15     | Found a transporter.
 21827 | D:15     | Noticed a frost giant
 21836 | D:15     | Killed a frost giant
 21836 | D:15     | Received a gift from Okawaru
 21960 | D:15     | Found a radiant altar of Vehumet.
 22022 | D:15     | Reached XP level 16. HP: 161/174 MP: 20/20
 22024 | D:15     | Got the Opusculum on Chilling Incandescence
 22139 | D:15     | Identified the ring "Nailodu" {Will++ SInv}
 22230 | D:15     | Received a gift from Okawaru
 22289 | D:15     | Identified the ring "Maumnim" {MP+9 Str+6 Int-3}
 22507 | Orc:1    | Entered Level 1 of the Orcish Mines
 22841 | Orc:1    | You fall into a shaft and drop 1 floor!
 22841 | Orc:2    | Entered Level 2 of the Orcish Mines
 23092 | Orc:2    | Found a staircase to the Elven Halls.
 23123 | Orc:2    | Noticed Urug
 23134 | Orc:2    | Killed Urug
 23178 | Orc:2    | Found Zameacw's Antique Weapon Boutique.
 23445 | Orc:2    | Noticed Nessos
 23455 | Orc:2    | Killed Nessos
 23599 | Orc:2    | Paralysed by an orc sorcerer for 3 turns
 23617 | Orc:2    | Received a gift from Okawaru
 23685 | Orc:2    | Found Golleuxza's Antique Weapon Emporium.
 23685 | Orc:2    | Found Gatockikh's Book Emporium.
 23687 | Orc:2    | Found Ziurr's Weapon Boutique.
 23695 | Orc:2    | Found Ijidesut's Armour Boutique.
 24202 | Orc:2    | Bought 3 large rocks for 76 gold pieces
 24428 | D:6      | Killed Azoth's ghost
 24667 | Lair:2   | Found a staircase to the Swamp.
 24679 | Swamp:1  | Entered Level 1 of the Swamp
 24742 | Lair:2   | Reached skill level 1 in Armour
 25032 | Lair:2   | Received a gift from Okawaru
 26653 | Swamp:3  | Reached XP level 17. HP: 182/182 MP: 22/22
 26736 | Swamp:3  | Received a gift from Okawaru
 26969 | Swamp:3  | Noticed Louise
 26989 | Swamp:3  | Killed Louise
 27421 | Swamp:4  | Entered Level 4 of the Swamp
 27626 | Swamp:4  | Received a gift from Okawaru
 27785 | Swamp:4  | Reached skill level 5 in Armour
 28254 | Swamp:4  | Noticed the 27-headed Lernaean hydra
 28261 | Swamp:4  | Killed the 27-headed Lernaean hydra
 28261 | Swamp:4  | Received a gift from Okawaru
 28281 | Swamp:4  | Got a decaying rune of Zot
 28325 | Swamp:4  | Identified the ring of Devotion {MP+9 Str+5 Stlth-}
 28575 | Spider:1 | Entered Level 1 of the Spider Nest
 29104 | Spider:1 | Received a gift from Okawaru
 29105 | Spider:1 | Reached skill level 10 in Invocations
 29835 | Spider:1 | Reached skill level 15 in Fighting
 30126 | Spider:2 | Reached XP level 18. HP: 193/193 MP: 24/24
 30227 | Spider:2 | Received a gift from Okawaru
 31204 | Spider:3 | Identified the +8 falchion of Drought {flame, rPois Str+2}
 31218 | Spider:3 | Identified the +1 pair of gloves of Pudis {rN+ Regen+}
 31218 | Spider:3 | Noticed Nikola
 31246 | Spider:3 | Killed Nikola
 31888 | Spider:3 | Received a gift from Okawaru
 32443 | Spider:4 | Entered Level 4 of the Spider Nest
 33396 | Spider:4 | Received a gift from Okawaru
 33543 | Spider:4 | Identified a scroll of acquirement
 33581 | Spider:3 | Acquired 361 gold pieces
 34013 | Spider:4 | Got a gossamer rune of Zot
 34548 | Vaults:1 | Entered Level 1 of the Vaults
 35122 | Vaults:1 | Noticed Norris
 35138 | Vaults:1 | Killed Norris
 35138 | Vaults:1 | Received a gift from Okawaru
 35538 | Vaults:1 | Reached XP level 19. HP: 204/204 MP: 25/25
 35674 | Vaults:1 | Found Puariloe's Weapon Emporium.
 35960 | Vaults:1 | Received a gift from Okawaru
 36179 | Vaults:1 | Reached skill level 16 in Fighting
 37029 | Vaults:2 | Received a gift from Okawaru
 37274 | Vaults:2 | Identified the +5 morningstar "Vidoabb" {heavy, rF- rC+
                  | Int+2 SInv}
 37852 | Vaults:2 | Received a gift from Okawaru
 37894 | Vaults:2 | Reached skill level 10 in Armour
 37930 | Vaults:2 | Found a staircase to the Crypt.
 38174 | Vaults:3 | Found Hoag's Antique Armour Boutique.
 38360 | Vaults:3 | Found Umudaem's Assorted Antiques.
 38368 | Vaults:3 | Bought a scroll of identify for 52 gold pieces
 38368 | Vaults:3 | Bought a scroll of identify for 52 gold pieces
 38370 | Vaults:3 | Bought a bubbling blue potion for 23 gold pieces
 38474 | Vaults:3 | Received a gift from Okawaru
 38745 | Vaults:3 | Found Zemy's Weapon Shoppe.
 38752 | Vaults:3 | Bought 6 large rocks for 198 gold pieces
 39169 | Vaults:3 | Reached XP level 20. HP: 213/217 MP: 26/26
 39885 | Vaults:4 | Reached skill level 17 in Fighting
 39932 | Vaults:4 | Received a gift from Okawaru
 40510 | Vaults:4 | Found a portal to a secret trove of treasure.
 40551 | Vaults:4 | Found Xuqieqig's Antique Armour Shop.
 41201 | Vaults:4 | Received a gift from Okawaru
 41822 | Depths:1 | Entered Level 1 of the Depths
 42121 | Depths:1 | Found a gateway to Hell.
 42293 | Depths:1 | Found a hide-covered altar of Uskayaw.
 42451 | Depths:1 | Found a shadowy altar of Dithmenos.
 42713 | Depths:1 | Received a gift from Okawaru
 42837 | Depths:1 | Found a one-way gate leading to the halls of Pandemonium.
 43866 | Depths:2 | Received a gift from Okawaru
 44264 | Depths:2 | Reached XP level 21. HP: 228/228 MP: 27/27
 44536 | Depths:2 | Identified the +5 short sword "Iguibbim" {drain, rN+ Int+3}
 44715 | Depths:2 | Found a runed translucent door.
 44904 | Depths:3 | Found a corrupted altar of Lugonu.
 44905 | Depths:3 | Found a one-way gate to the infinite horrors of the Abyss.
 44942 | Depths:3 | Reached skill level 18 in Fighting
 45066 | Depths:3 | Received a gift from Okawaru
 45397 | Depths:3 | Found a one-way gateway to a ziggurat.
 45531 | Depths:3 | Noticed Boris
 46188 | Depths:3 | Noticed a golden dragon
 46265 | Depths:2 | Killed a golden dragon
 46456 | Depths:3 | Received a gift from Okawaru
 46921 | Arena    | Entered the Arena
 46932 | Arena    | Killed Boris
 47696 | Depths:3 | Received a gift from Okawaru
 47946 | Depths:3 | Noticed a golden dragon
 47952 | Depths:3 | Killed a golden dragon
 48281 | Depths:3 | Identified the +1 long sword of Ravage {flame, MP+9 Dex+5}
 48456 | Depths:3 | Identified the +5 chain mail "Wierghet" {Fly rElec}
 48797 | Depths:4 | Entered Level 4 of the Depths
 48913 | Depths:3 | Received a gift from Okawaru
 49049 | Depths:4 | Noticed Boris
 49064 | Depths:4 | Killed Boris
 49160 | Depths:4 | Noticed Margery
 49186 | Depths:4 | Killed Margery
 49281 | Depths:3 | Reached XP level 22. HP: 241/241 MP: 28/28
 49488 | Depths:4 | Reached skill level 15 in Throwing
 49579 | Depths:4 | Found a gate to the Realm of Zot.
 49581 | Depths:4 | Noticed a golden dragon
 49887 | Depths:4 | Noticed Sojobo
 49894 | Depths:4 | Received a gift from Okawaru
 49898 | Depths:4 | Paralysed by an air elemental for 1 turns
 49909 | Depths:4 | Reached skill level 19 in Fighting
 49930 | Depths:4 | Killed Sojobo
 50093 | Depths:4 | Found Kuijes's Jewellery Shoppe.
 50094 | Depths:4 | Found Oboixzoam's Book Boutique.
 50095 | Depths:4 | Found Ygidaxtuc's Jewellery Shoppe.
 50095 | Depths:4 | Noticed a golden dragon
 50104 | Depths:4 | Killed a golden dragon
 50292 | Depths:4 | Killed a golden dragon
 50388 | Depths:4 | Identified the ring "Osoubez" {rPois Int+5 SInv}
 51213 | Vaults:5 | Entered Level 5 of the Vaults
 51483 | Vaults:4 | Received a gift from Okawaru
 52232 | Vaults:5 | Received a gift from Okawaru
 52516 | Vaults:5 | Identified the ring "Mantiq" {MP+9 Dex+6}
 52555 | Vaults:5 | Identified the +1 chain mail of Howling Wind {Regen+}
 52559 | Vaults:5 | Noticed an ancient lich
 52566 | Vaults:5 | Killed an ancient lich
 52626 | Vaults:5 | Reached skill level 15 in Armour
 52890 | Vaults:5 | Reached XP level 23. HP: 225/254 MP: 29/29
 52897 | Vaults:5 | Identified the amulet "Vumagilu" {RegenMP rF+ rC+}
 52933 | Vaults:5 | Received a gift from Okawaru
 53250 | Vaults:5 | Identified the +0 leather armour "Webbass" {rC- rN+ Dex+2
                  | Slay+3}
 53573 | Vaults:5 | Got a silver rune of Zot
 53611 | Vaults:5 | Noticed an ancient lich
 53622 | Vaults:5 | Killed an ancient lich
 53655 | Vaults:5 | Reached skill level 20 in Fighting
 53789 | Vaults:5 | Noticed Mara
 53811 | Vaults:5 | Killed Mara
 53929 | Vaults:5 | Noticed a dread lich
 53934 | Vaults:5 | Killed a dread lich
 53934 | Vaults:5 | Received a gift from Okawaru
 54811 | Zot:1    | Entered Level 1 of the Realm of Zot
 54811 | Zot:1    | Identified the ring "Poarchoar" {Ice Str+4 Slay+2}
 54811 | Zot:1    | Noticed Josephina
 54832 | Depths:4 | Killed Josephina
 56086 | Zot:2    | Received a gift from Okawaru
 56337 | Zot:2    | Found a transporter.
 56649 | Zot:2    | Found a transporter.
 56651 | Zot:2    | Found a transporter.
 56674 | Zot:2    | Found a transporter.
 57317 | Zot:2    | Noticed a curse toe
 57328 | Zot:2    | Killed a curse toe
 57832 | Zot:3    | Received a gift from Okawaru
 58609 | Zot:4    | Noticed an orb of fire
 58659 | Zot:3    | Reached XP level 24. HP: 219/258 MP: 29/29
 58729 | Zot:4    | Reached skill level 21 in Fighting
 58967 | Zot:4    | Found a runed translucent door.
 58967 | Zot:4    | Found a shimmering altar of Xom.
 58967 | Zot:4    | Noticed Emoisch's ghost (adept MiFi)
 59188 | Zot:4    | Noticed a Killer Klown
 59271 | Zot:4    | Killed a Killer Klown
 59548 | Zot:3    | Received a gift from Okawaru
 59691 | Zot:4    | Noticed an orb of fire
 59702 | Zot:4    | Gained mutation: You are dopey. (Int -2) [an orb of fire]
 59704 | Zot:4    | Killed an orb of fire
 60279 | Zot:3    | Received a gift from Okawaru
 60517 | Zot:4    | Gained mutation: You are very dopey. (Int -4) [an orb of
                  | fire]
 60518 | Zot:4    | Killed an orb of fire
 60726 | Zot:5    | Entered Level 5 of the Realm of Zot
 61599 | Zot:5    | Noticed an orb of fire
 61620 | Zot:5    | Noticed an ancient lich
 61971 | Zot:5    | Noticed a Killer Klown
 62040 | Zot:5    | Noticed a Killer Klown
 62060 | Zot:5    | Noticed an orb of fire
 62069 | Zot:5    | Killed an orb of fire
 62073 | Zot:5    | Noticed an orb of fire
 62083 | Zot:5    | Killed an orb of fire
 62123 | Zot:4    | Lost mutation: You are very dopey. (Int -4) [potion of
                  | mutation]
 62123 | Zot:4    | Lost mutation: You are dopey. (Int -2) [potion of mutation]
 62123 | Zot:4    | Gained mutation: You have hidden genetic potential. [potion
                  | of mutation]
 62123 | Zot:4    | Gained mutation: You expend magic power (3 MP) to
                  | strengthen your wands. [potion of mutation]
 62123 | Zot:4    | Gained mutation: You are clumsy. (Dex -2) [potion of
                  | mutation]
 62123 | Zot:4    | Gained mutation: You have a pair of small horns on your
                  | head. [potion of mutation]
 62179 | Zot:5    | Noticed a dread lich
 62203 | Zot:5    | Killed a dread lich
 62307 | Zot:5    | Noticed an ancient lich
 62310 | Zot:5    | Noticed an orb of fire
 62314 | Zot:5    | Killed an ancient lich
 62326 | Zot:5    | Received a gift from Okawaru
 62326 | Zot:5    | Killed an orb of fire
 62361 | Zot:5    | Reached XP level 25. HP: 105/280 MP: 27/31
 62391 | Zot:5    | Reached skill level 22 in Fighting
 62394 | Zot:5    | Noticed a Killer Klown
 62412 | Zot:5    | Killed a Killer Klown
 62427 | Zot:5    | Noticed a Killer Klown
 62450 | Zot:5    | Killed a Killer Klown
 62884 | Zot:5    | Noticed an orb of fire
 62894 | Zot:5    | Killed an orb of fire
 62896 | Zot:5    | Noticed an orb of fire
 62904 | Zot:5    | Killed an ancient lich
 62904 | Zot:5    | Noticed a Killer Klown
 62907 | Zot:5    | Killed an orb of fire
 62954 | Zot:5    | Received a gift from Okawaru
 63118 | Zot:5    | Noticed an ancient lich
 63125 | Zot:5    | Killed an ancient lich
 63149 | Zot:5    | Lost mutation: You have hidden genetic potential. [an orb
                  | of fire]
 63149 | Zot:5    | Gained mutation: You are vulnerable to heat. (rF-) [an orb
                  | of fire]
 63163 | Zot:5    | Killed an orb of fire
 63365 | Zot:5    | Lost mutation: You are vulnerable to heat. (rF-) [potion of
                  | mutation]
 63365 | Zot:5    | Lost mutation: You expend magic power (3 MP) to strengthen
                  | your wands. [potion of mutation]
 63365 | Zot:5    | Lost mutation: You have a pair of small horns on your head.
                  | [potion of mutation]
 63365 | Zot:5    | Gained mutation: Your muscles are strong. (Str +4, Int/Dex
                  | -1) [potion of mutation]
 63407 | Zot:5    | Got the Orb of Zot
 63695 | Depths:1 | Noticed Wideluo the pandemonium lord
 63769 | D:14     | Noticed Oppuf Nid the pandemonium lord
 64044 | D:$      | Escaped with the Orb!

Illustrated notes

Levels and vault maps discovered:
D:1:      dpeg_arrival_solitude, layout_rooms, serial_shops, shop,
          basic_ecumenical_altar
D:2:      layout_basic, nicolae_hexahallways
D:3:      layout_basic, trog_book, demons_altar,
          nemelex_xobeh_ov_fountains_minmay, mainiacjoe_overflow_brackets,
          serial_undead, serial_undead_d, serial_undead_b, serial_undead_a,
          serial_undead_c, serial_undead_e, serial_undead_a, serial_undead_c,
          serial_undead_c, chequers_serial_rivers_small_3, serial_bayou_crossing
D:4:      layout_rooms, lemuel_round_altar, uniq_natasha, uniq_menkaure,
          uniq_robin
D:5:      layout_basic, slow_altar_2, mainiacjoe_overflow_24_doors
D:6:      layout_layer_cave, lemuel_crystal_altar, zin_statuary,
          mainiacjoe_overflow_six_doors_small, hellmonk_ghost_happy_afterlife,
          enter_ossuary_4
D:7:      layout_basic, fiery_altar_vehumet, kennysheep_mini_moat,
          minmay_temple_entry_arrows, minivault_24
D:8:      layout_cave_pools, nicolae_ru_sacrificial_ziggurat
D:9:      layout_gridville, nicolae_shop_self_help, uniq_erolcha
D:10:     layout_gridville, fedhas_altar_4, minmay_statue_crystal_thing,
          uniq_joseph
D:11:     layout_cave_pools, minmay_lair_entry_grove
D:12:     layout_irregular_city, minmay_orc_entry_temple_small,
          ebering_ghost_rock_garden, portal_ice_cave_entry_pillars_2
D:13:     layout_basic, minmay_misc_feat_plants
D:14:     layout_grid_maze, grunt_vaults_entry_fortified,
          hangedman_decor_opposing, lemuel_flamethrower_3, uniq_lodul
D:15:     hangedman_spin_cycle
Temple:   hellmonk_temple_forest_ring
Lair:1:   layout_gridlike, uniq_fannar
Lair:2:   layout_chaotic_city, nicolae_swamp_entry_splash_gauntlet,
          nicolae_spider_entry_tight_spaces, infiniplex_staircase_pool,
          serial_bayou_shore_b
Lair:3:   regret_index_combs_of_tragedy, layout_misc_corridors
Lair:4:   layout_regular_city, uniq_snorg
Lair:5:   hangedman_lair_tendril_chambers, layout_gridlike,
          hangedman_lair_caniforms_friends, slime_entry_1
Swamp:1:  layout_basic_swamp, nicolae_swamp_treefoil, swamp_pool_1_2,
          cheibrodos_swamp_pet_leeches, nicolae_swamp_long_stream
Swamp:2:  layout_basic_swamp, wheals_swamp_sinkhole
Swamp:3:  layout_falls_marsh, nicolae_swamp_reclaimed_castle, swamp_pool_1_2,
          uniq_louise
Swamp:4:  grunt_swamp_rune_castle, layout_basic_swamp
Spider:1: layout_spider_delve, nicolae_spider_shape
Spider:2: layout_cave_pods
Spider:3: layout_spider_delve, drop_trap, uniq_nikola
Spider:4: hellmonk_spider_rune_bug_friends
Orc:1:    layout_caves
Orc:2:    st_orc_elflike, layout_diamond_mine, special_room, serial_shops,
          nicolae_shop_real_fake_doors, nicolae_orc_minecarts, uniq_urug,
          uniq_nessos
Vaults:1: v_pattern_2, dpeg_vaults_monster_row,
          nicolae_vaults_storage_room_water, nicolae_vaults_triangles,
          vaults_dpeg_hooks, nicolae_vaults_storage_closets_1,
          nicolae_vaults_sesquioval_fish, vaults_dpeg_emergency_exit, v_misc_3,
          nicolae_vaults_little_guard_posts, nicolae_vaults_little_squares_2,
          ontoclasm_vaults_idyll, nicolae_vaults_tetromino_Z_2,
          layout_vaults_omnicross, serial_shops,
          nicolae_shop_tiny_real_fake_doors, uniq_norris
Vaults:2: ontoclasm_vaults_gateway, v_misc_25, nicolae_vaults_twisting_passages,
          hangedman_vaults_trim, v_misc_26, vaults_room_door_hall, v_misc_15,
          minmay_crypt_entry_skeletal_spiral, nicolae_vaults_tetromino_Z_1,
          nicolae_vaults_tetromino_Z_2, layout_vaults_chaotic_city
Vaults:3: v_misc_25, nicolae_vaults_octothorpe,
          nicolae_vaults_disappearing_quadrants, vaults_mumra_chevron_long,
          ontoclasm_vaults_eye, nicolae_vaults_diagonal_hallway_8,
          nicolae_vaults_oval_intersection, nicolae_vaults_stepped_doors,
          ontoclasm_vaults_tryst, grunt_vaults_hallway_short,
          nicolae_vaults_shrinking_rooms_2, nicolae_vaults_diamond_1,
          nicolae_vaults_double_plus_1, nicolae_vaults_tetromino_L_1,
          nicolae_vaults_ring_of_whatevers, layout_vaults_maze_bifur,
          serial_shops, shop, nicolae_shop_behind_doors, shop
Vaults:4: nicolae_vaults_quartermaster, nicolae_vaults_trapezoid_3,
          hangedman_vaults_stretched_pinwheel, nicolae_vaults_ring_of_whatevers,
          nicolae_vaults_specimen_jars, nicolae_vaults_tetromino_Z_2, v_misc_2,
          nicolae_vaults_rhombus_7, hangedman_vaults_maws,
          hangedman_vaults_variations, vaults_room_stairs_pillars,
          nicolae_vaults_tetromino_Z_1, nicolae_vaults_ring_of_whatevers,
          layout_vaults_omnigrid, enter_trove_2, serial_shops, shop
Vaults:5: uniq_mara
Depths:1: layout_gridlike, hell_entry, nicolae_uskayaw_suspiria,
          rand_demon_pan_entry_7, st_stairs_7, minmay_holes,
          grunt_dithmenos_smoke
Depths:2: minmay_haunted_quarter, layout_gridlike, hangedman_coc_ice_floe,
          rand_demon_pan_entry_5, lightli_gold_pyramid, grunt_megastairs_2,
          serial_bayou_shore_b
Depths:3: kennysheep_large_vault, layout_gridlike, enter_ziggurat_f, hell_entry,
          abyss_entry_flame_altar, kennysheep_cluttered_room, dk_noncrumbling_2,
          uniq_boris
Depths:4: grunt_zot_entry_funnels, layout_gridlike, hangedman_tar_grid_catacomb,
          grunt_megastairs_5, minmay_shop_grove, uniq_margery, uniq_sojobo
Zot:1:    layout_onion, uniq_josephina
Zot:2:    layout_basic, nicolae_transporter_circle
Zot:3:    kennysheep_bubbly, layout_basic, regret_index_zotdec_silver_v_v_loose
Zot:4:    grunt_zot_stairs_mandelzot, layout_misc_corridors, ebering_ghost_xom,
          grunt_megastairs_1
Zot:5:    layout_gridlike

Skill      XL: |  1  2  3  4  5  6  7  8  9 10 11 12 13 14 15 16 17 18 19 20 21 22 23 24 25 |
---------------+----------------------------------------------------------------------------+-----
Shields        | 3 4 5 6 8 9 10 11 12 13 14 | 14.0
Fighting       | 3 4 5 6 7 8 10 11 12 13 14 15 16 17 18 19 20 21 22 | 22.3
Unarmed Combat | 3 4 5 7 8 10 11 12 13 15 16 17 18 19 20 21 | 21.5
Invocations    | 3 5 6 8 10 12 13 | 13.0
Throwing       | 1 4 7 10 13 14 16 18 19 20 | 20.0
Armour         | 3 6 8 10 12 13 15 | 15.8
Dodging        | 3 |  3.6

Action                     |  1- 3 |  4- 6 |  7- 9 | 10-12 | 13-15 | 16-18 | 19-21 | 22-24 | 25-27 || total
---------------------------+-------+-------+-------+-------+-------+-------+-------+-------+-------++-------
  Melee: Unarmed           |   111 |   131 |   363 |   470 |  1037 |  1181 |  1216 |  1053 |    94 ||  5656
         Dagger            |       |       |    11 |       |       |       |       |       |       ||    11
         Headbutt          |       |       |       |       |       |       |       |    10 |    18 ||    28
  Throw: Boomerang         |       |       |    26 |     6 |   103 |   292 |    42 |       |       ||   469
         Dart              |       |       |     8 |    61 |     5 |     2 |       |       |       ||    76
         Large rock        |       |       |       |     5 |    51 |   172 |   301 |   469 |    65 ||  1063
         Javelin           |       |       |       |       |    14 |    24 |   103 |    79 |    29 ||   249
         Throwing net      |       |       |       |       |       |       |     1 |       |       ||     1
 Invoke: Heroism           |       |       |       |     1 |    11 |     6 |     5 |    16 |     3 ||    42
         Receive Armour    |       |       |       |     1 |       |       |       |       |       ||     1
         Finesse           |       |       |       |       |     1 |     1 |     1 |     4 |       ||     7
         Duel              |       |       |       |       |       |       |     1 |       |       ||     1
  Evoke: Wand              |       |     4 |     4 |     4 |     3 |     8 |     7 |    10 |       ||    40
         Lightning rod     |       |       |       |     3 |     6 |     1 |     4 |     6 |       ||    20
    Use: Scroll            |       |       |       |    12 |    11 |     9 |    14 |    25 |     3 ||    74
         Potion            |       |       |       |       |     1 |     2 |     4 |     8 |    17 ||    32
   Stab: Sleeping          |     2 |       |       |       |       |       |       |       |       ||     2
         Invisible         |       |       |     2 |     1 |     1 |       |       |       |       ||     4
         Paralysed         |       |       |       |       |       |     2 |       |       |       ||     2
 Armour: Robe              |    45 |    96 |   238 |   142 |       |       |       |       |       ||   521
         Acid dragon scale |       |       |       |   102 |   630 |   173 |    72 |       |       ||   977
         Swamp dragon scal |       |       |       |       |       |   625 |   518 |       |       ||  1143
         Gold dragon scale |       |       |       |       |       |       |    74 |  1092 |   114 ||  1280
  Dodge: Dodged            |    32 |    57 |   127 |   107 |   263 |   240 |   190 |   138 |     7 ||  1161
  Block: Kite shield       |    43 |    54 |   222 |   357 |   855 |  1082 |   804 |   897 |    84 ||  4398
         Reflection        |       |       |       |    12 |    32 |    48 |    59 |    42 |     3 ||   196

Table legend: (Time is in decaauts)
 A = Elapsed time spent in this place.
 B = Non-inter-level travel time spent in this place.
 C = Inter-level travel time spent in this place.
 D = Time resting spent in this place.
 E = Time spent auto-exploring this place.
 F = Levels seen in this place.
 G = Mean time per level.
                   A        B        C        D        E       F      G
               +--------+--------+--------+--------+--------+-----+--------+
         Total |  62842 |  57896 |   4946 |  10872 |  15430 |  47 | 1337.1 |
       Dungeon |  16562 |  14732 |   1830 |   1623 |   7043 |  15 | 1104.1 |
        Temple |     16 |      2 |     14 |      0 |      0 |   1 |   16.0 |
          Lair |   7242 |   6838 |    404 |   1068 |   2021 |   5 | 1448.4 |
         Swamp |   3439 |   3274 |    165 |    437 |    666 |   4 |  859.8 |
   Spider Nest |   5505 |   5134 |    371 |    912 |    996 |   4 | 1376.2 |
  Orcish Mines |   1728 |   1597 |    131 |     11 |    682 |   2 |  864.0 |
        Vaults |  10335 |   9400 |    935 |   2036 |   2109 |   5 | 2067.0 |
        Depths |   9254 |   8425 |    829 |   2142 |   1196 |   4 | 2313.5 |
           Zot |   8456 |   8191 |    265 |   2606 |    681 |   5 | 1691.2 |
       Ossuary |    275 |    275 |      0 |     21 |     36 |   1 |  275.0 |
         Arena |     25 |     25 |      0 |     15 |      0 |   1 |   25.0 |
               +--------+--------+--------+--------+--------+-----+--------+

Top non-repeatable levels by time:
Depths:3: 3578 daAuts
Vaults:4: 2727 daAuts
   Zot:5: 2535 daAuts
Depths:2: 2507 daAuts
Vaults:5: 2051 daAuts
Vaults:1: 2000 daAuts
   Zot:3: 1998 daAuts
Vaults:2: 1944 daAuts
Depths:4: 1920 daAuts
    D:14: 1897 daAuts
  Lair:5: 1867 daAuts
  Lair:2: 1725 daAuts
Spider:3: 1652 daAuts
Vaults:3: 1612 daAuts
   Zot:2: 1595 daAuts
